 Dungeon Crawl Stone Soup version 0.31-a0-152-g6aa68a64a1 (webtiles) character file.

Game seed: 7996487836947119287

714 Elmgren the Skirmisher (level 7, 0/59 HPs)
             Began as a Minotaur Hunter on June 10, 2023.
             Slain by an acid dragon (2 damage)
             ... on level 5 of the Dungeon.
             The game lasted 00:08:42 (2904 turns).

Elmgren the Skirmisher (Minotaur Hunter)            Turns: 2904, Time: 00:08:43

Health: 0/59       AC:  5    Str: 15    XL:     7   Next: 41%
Magic:  6/6        EV: 13    Int:  4    God:
Gold:   245        SH:  0    Dex: 19    Spells: 6/6 levels left

rFire   . . .        d - +0 arbalest
rCold   + . .        (shield currently unavailable)
rNeg    . . .        l - +6 leather armour "Wegyr" {rC+ Regen+ Int-2 Dex+3}
rPois   .            (helmet restricted)
rElec   .            (no cloak)
rCorr   .            (no gloves)
SInv    .            (no boots)
Will    .....        (no amulet)
Stlth   ++           (no ring)
HPRegen 1.09/turn    (no ring)
MPRegen 0.10/turn

%: no passive effects
@: corroded
A: horns 2, retaliatory headbutt
a: no special abilities


You were on level 5 of the Dungeon.
You visited 1 branch of the dungeon, and saw 5 of its levels.

You collected 245 gold pieces.

Inventory:

Hand Weapons
 a - a +0 shortbow
 d - a +0 arbalest (weapon)
Armour
 l - the +6 leather armour "Wegyr" (worn) {rC+ Regen+ Int-2 Dex+3}
   (You found it on level 2 of the Dungeon)

   Int:       It affects your intelligence (-2).
   Dex:       It affects your dexterity (+3).
   rC:        It protects you from cold.
   Regen:     It increases your rate of health regeneration.
Jewellery
 f - an amulet of faith
 i - an amulet of reflection
Scrolls
 b - a scroll of butterflies
 c - a scroll of blinking {unknown}
 e - a scroll of torment {unknown}
 g - 3 scrolls of identify {unknown}
 h - a scroll of enchant armour {unknown}
 j - a scroll of vulnerability {unknown}
 k - a scroll of poison {unknown}
 n - a scroll of fear {unknown}
 o - a scroll of noise {unknown}
 p - a scroll of silence {unknown}
 q - 3 scrolls of fog {unknown}
Potions
 m - a potion of curing {unknown}


   Skills:
 + Level 4.1 Fighting
 + Level 9.1 Ranged Weapons
 + Level 3.5 Dodging
 - Level 0.7 Stealth


You had 6 spell levels left.
You didn't know any spells.
Your spell library contained the following spells:

 Spells                   Type           Power      Damage    Failure   Level
 Magic Dart               Conj           0%         1d3       56%         1
 Sandblast                Erth           0%         2d4       56%         1
 Slow                     Hex            0%         N/A       56%         1
 Summon Small Mammal      Summ           0%         N/A       56%         1
 Ensorcelled Hibernation  Hex/Ice        0%         N/A       71%         2
 Lesser Beckoning         Tloc           0%         N/A       71%         2
 Passwall                 Tmut/Erth      0%         N/A       71%         2
 Poisonous Vapours        Pois/Air       0%         N/A       71%         2
 Searing Ray              Conj           0%         2d4       71%         2
 Call Canine Familiar     Summ           0%         N/A       91%         3
 Confusing Touch          Hex            0%         N/A       91%         3
 Gell's Gravitas          Tloc           0%         N/A       91%         3
 Ozocubu's Armour         Ice            0%         N/A       91%         3
 Stone Arrow              Conj/Erth      0%         3d7       91%         3
 Summon Guardian Golem    Hex/Summ       0%         N/A       91%         3
 Swiftness                Air            0%         N/A       91%         3
 Teleport Other           Tloc           0%         N/A       91%         3
 Vampiric Draining        Necr           0%         2d6       91%         3
 Fulminant Prism          Conj/Hex       0%         3d5       100%        4


Dungeon Overview and Level Annotations

Branches:
Dungeon (5/15)
 Temple: D:4-7

Altars:
Cheibriados
Kikubaaqudgha
Sif Muna
Yredelemnul
Zin


Innate Abilities, Weirdness & Mutations

You have a pair of horns on your head.
You reflexively headbutt those who attack you in melee.


Message History

Press: ? - help, Q - select action Shift-Dir - straight line, f/p - acid dragon
Aim: an acid dragon (catching its breath, 63% to hit)
You shoot a bolt. The bolt barely misses the acid dragon.
The bolt hits the iguana!
You kill the iguana!
The acid dragon barely misses you. The acid dragon claws you.
Fire: d) +0 arbalest
Press: ? - help, Q - select action Shift-Dir - straight line, f/p - acid dragon
Aim: an acid dragon (63% to hit)
You shoot a bolt. The bolt hits the acid dragon.
The acid dragon is lightly wounded.
The acid dragon barely misses you. x2; The acid dragon bites you.
The acid dragon claws you but does no damage.
Fire: d) +0 arbalest
Press: ? - help, Q - select action Shift-Dir - straight line, f/p - acid dragon
Aim: an acid dragon (lightly wounded, 63% to hit)
You shoot a bolt. The bolt hits the acid dragon.
The acid dragon is moderately wounded.
The acid dragon barely misses you. The acid dragon misses you.
Fire: d) +0 arbalest
Press: ? - help, Q - select action Shift-Dir - straight line, f/p - acid dragon
Aim: an acid dragon (moderately wounded, 63% to hit)
You shoot a bolt. The bolt barely misses the acid dragon.
The acid dragon bites you! The acid dragon barely misses you. x3
Fire: d) +0 arbalest
Press: ? - help, Q - select action Shift-Dir - straight line, f/p - acid dragon
Aim: an acid dragon (moderately wounded, 63% to hit)
You shoot a bolt. The bolt barely misses the acid dragon.
The acid dragon bites you! The acid dragon closely misses you.
Fire: d) +0 arbalest
Press: ? - help, Q - select action Shift-Dir - straight line, f/p - acid dragon
Aim: an acid dragon (moderately wounded, 63% to hit)
You shoot a bolt. The bolt barely misses the acid dragon.
The acid dragon spits acid at you. The splash of acid hits you!!
* * * LOW HITPOINT WARNING * * *
The acid dragon barely misses you. You furiously retaliate!
You headbutt the acid dragon, but do no damage.
The acid dragon claws you.
You die...

.........# ..
########.# ##. ##.##
##.. #####...## # ...
..).......# #.## ..
######.#.## .[...#.
##..#
#...(############
##.## #...D@.......#
##...##
############.###.....#
#.##.......
#.##.......
#.##.......
#.###.....# #.#
##...## #.# ##.##
#.### #.#


You could see an acid dragon (catching breath).

Vanquished Creatures
  Grinder (D:4)
  Menkaure (D:4)
  2 orc priests
  A hound (D:4)
  2 iguanas (D:5)
  A sleepcap (D:5)
  3 orc wizards
  4 adders
  A white imp (D:4)
  3 worms
  A dart slug (D:1)
  25 orcs
  3 bat zombies (D:4)
  7 endoplasms
  4 giant cockroaches
  7 goblins
  5 hobgoblins
  4 jackals (D:2)
  2 quokkas
  2 ball pythons
  3 bats (D:1)
  2 frilled lizards
  6 kobolds
  5 rats
  A rat zombie (D:4)
96 creatures vanquished.

Notes
Turn   | Place    | Note
-------+----------+-------------------------------------------
     0 | D:1      | Elmgren the Minotaur Hunter began the quest for the Orb.
     0 | D:1      | Reached XP level 1. HP: 18/18 MP: 0/0
   143 | D:1      | Reached XP level 2. HP: 25/25 MP: 1/1
   307 | D:1      | Got the Folio of Stormy Cryomancy
   550 | D:2      | Reached XP level 3. HP: 27/31 MP: 2/2
   721 | D:2      | Found a shimmering blue altar of Sif Muna.
   804 | D:2      | Reached skill level 5 in Ranged Weapons
   924 | D:2      | Identified the +6 leather armour "Wegyr" {rC+ Regen+ Int-2
                  | Dex+3}
  1202 | D:3      | Reached XP level 4. HP: 36/38 MP: 3/3
  1281 | D:3      | Reached skill level 6 in Ranged Weapons
  1368 | D:3      | Reached XP level 5. HP: 36/45 MP: 4/4
  1683 | D:3      | Found a glowing silver altar of Zin.
  1915 | D:3      | Found a basalt altar of Yredelemnul.
  1915 | D:3      | Found a snail-covered altar of Cheibriados.
  2067 | D:4      | Found an ancient bone altar of Kikubaaqudgha.
  2179 | D:4      | Reached skill level 7 in Ranged Weapons
  2199 | D:4      | Noticed Menkaure
  2201 | D:4      | Killed Menkaure
  2202 | D:4      | Reached XP level 6. HP: 51/51 MP: 5/5
  2261 | D:4      | Noticed Grinder
  2263 | D:4      | Paralysed by Grinder for 4 turns
  2277 | D:4      | Killed Grinder
  2278 | D:4      | Reached skill level 8 in Ranged Weapons
  2278 | D:4      | Reached XP level 7. HP: 52/57 MP: 6/6
  2564 | D:4      | Reached skill level 9 in Ranged Weapons
  2727 | D:5      | Entered Level 5 of the Dungeon
  2904 | D:5      | HP: 2/59 [acid dragon/splash of acid (18)]
  2904 | D:5      | Slain by an acid dragon

Illustrated notes

Levels and vault maps discovered:
D:1:      wander_arrival_chamber, layout_basic, chequers_serial_rivers_micro_b
D:2:      layout_loops_cross, basic_altar
D:3:      layout_basic, zin_treasury, amethyst_overflow_temple_binary,
          wad_orctagon
D:4:      layout_loops_ring, lemuel_zombie_altar_kikubaaqudgha, uniq_menkaure,
          uniq_grinder
D:5:      layout_loops_ring

Skill      XL: |  1  2  3  4  5  6  7 |
---------------+----------------------+-----
Fighting       | 3 4 |  4.1
Ranged Weapons | 5 6 7 8 9 |  9.1
Dodging        | 3 |  3.5
Stealth        | |  0.7

Action                     |  1- 3 |  4- 6 |  7- 9 || total
---------------------------+-------+-------+-------++-------
   Fire: Arbalest          |    83 |    74 |    58 ||   215
         Shortbow          |     5 |       |       ||     5
 Armour: Leather armour    |    13 |    14 |     7 ||    34
  Dodge: Dodged            |    26 |    20 |    25 ||    71

Table legend: (Time is in decaauts)
 A = Elapsed time spent in this place.
 B = Non-inter-level travel time spent in this place.
 C = Inter-level travel time spent in this place.
 D = Time resting spent in this place.
 E = Time spent auto-exploring this place.
 F = Levels seen in this place.
 G = Mean time per level.
                   A        B        C        D        E       F      G
               +--------+--------+--------+--------+--------+-----+--------+
         Total |   3034 |   2891 |    143 |      0 |   2120 |   5 |  606.8 |
       Dungeon |   3034 |   2891 |    143 |      0 |   2120 |   5 |  606.8 |
               +--------+--------+--------+--------+--------+-----+--------+

Top non-repeatable levels by time:
     D:3: 912 daAuts
     D:4: 737 daAuts
     D:2: 682 daAuts
     D:1: 510 daAuts
     D:5: 190 daAuts
